 Dungeon Crawl Stone Soup version 0.31-a0-978-g1e143483b6 (webtiles) character file.

Game seed: 9032317786164188774

20099 BinkBink the Grappler (level 12, -3/186 HPs)
             Began as a Troll Berserker on Oct 30, 2023.
             Was a High Priest of Trog.
             Slain by a six-headed hydra (13 damage)
             ... on level 13 of the Dungeon.
             The game lasted 00:19:10 (10266 turns).

BinkBink the Grappler (Troll Berserker)            Turns: 10266, Time: 00:19:10

Health: -3/186     AC:  5    Str: 30    XL:     12   Next: 42%
Magic:  11/11      EV: 19    Int:  3    God:    Trog [*****.]
Gold:   379        SH: 11    Dex: 17    Spells: 11/11 levels left

rFire   . .          .
                       - Unarmed
rCold   . . .        q - +0 kite shield
rNeg    . . .        x - +1 robe "Luxzuxkimn" {Drain Dex+6}
rPois   .            (helmet restricted)
rElec   .            (no cloak)
rCorr   .            (gloves unavailable)
SInv    +            (boots unavailable)
Will    ++...        y - amulet of faith Stlth
                     M - +5 ring of evasion
HPRegen 2.31/turn    D - ring of see invisible
MPRegen 0.12/turn

%: faith
@: berserking, strong-willed, regenerating, very quick
A: large, unfitting armour, claws 3, regeneration 1, shaggy fur 1, tough skin 1
a: Renounce Religion, Berserk, Trog's Hand, Brothers in Arms


You were on level 13 of the Dungeon.
You worshipped Trog.
Trog was extremely pleased with you.
You visited 1 branch of the dungeon, and saw 13 of its levels.
You also visited: Sewer.

You collected 856 gold pieces.
You spent 477 gold pieces at shops.

Inventory:

Missiles
 B - a throwing net
Armour
 q - a +0 kite shield (worn)
 x - the +1 robe "Luxzuxkimn" (worn) {Drain Dex+6}
   (You bought it in a shop on level 5 of the Dungeon)

   Dex+6:     It affects your dexterity (+6).
   Drain:     It drains your maximum health when unequipped.
 L - a +0 troll leather armour
Jewellery
 k - a ring of positive energy
 v - a ring of protection from fire
 y - an amulet of faith (around neck)
 D - a ring of see invisible (right claw)
 M - a +5 ring of evasion (left claw)
 N - a +4 ring of protection
Wands
 o - a wand of iceblast (8)
 t - a wand of quicksilver (8)
 H - a wand of paralysis (10)
Scrolls
 a - 2 scrolls of revelation
 b - 4 scrolls of teleportation
 c - 3 scrolls of torment {unknown}
 g - 2 scrolls of amnesia {unknown}
 i - 2 scrolls of vulnerability {unknown}
 j - a scroll of blinking
 n - 3 scrolls of fear {unknown}
 p - a scroll of enchant armour {unknown}
 u - 3 scrolls of immolation {unknown}
 w - a scroll of brand weapon {unknown}
 A - 2 scrolls of enchant weapon {unknown}
 G - 2 scrolls of noise {unknown}
 J - a scroll of fog {unknown}
 K - a scroll of silence {unknown}
Potions
 d - a potion of attraction {unknown}
 e - 2 potions of ambrosia
 f - 3 potions of curing
 h - 2 potions of mutation {unknown}
 l - a potion of berserk rage
 m - 2 potions of heal wounds
 r - a potion of degeneration {unknown}
 s - a potion of lignification {unknown}
 z - a potion of enlightenment
 C - a potion of resistance
 E - a potion of brilliance
 F - 3 potions of cancellation
 I - 2 potions of might


   Skills:
 + Level 9.5 Fighting
 + Level 9.4 Dodging
 + Level 8.9 Shields
 + Level 11.2 Unarmed Combat


You had 11 spell levels left.
You didn't know any spells.
Your spell library was empty.

Dungeon Overview and Level Annotations

Branches:
Dungeon (13/15)            Temple (0/1) D:4            Lair (0/5) D:10
  Sewer (visited)
    Orc: D:9-12      Vaults: D:13-14

Altars:
Ashenzari
Elyvilon
Fedhas
Gozag
Kikubaaqudgha
Sif Muna
Uskayaw
Wu Jian
Xom
Yredelemnul
Zin
The Shining One

Shops:
D:5 *   D:7 *   D:8 !


Innate Abilities, Weirdness & Mutations

You are too large for most types of armour.
You have claws for hands.
Your natural rate of healing is unusually fast.
You are covered in fur. (AC +1)
You have tough skin. (AC +1)


Message History

Something smites you!
There is an open door here.
You scratch the five-headed hydra.
The five-headed hydra is lightly wounded.
You block the five-headed hydra's attack.
The five-headed hydra barely misses you.
You block the five-headed hydra's attack.
The five-headed hydra bites you but does no damage.
The five-headed hydra bites you!
Unknown command.
Your skin crawls.
You feel strong-willed.
The meliai calls down the wrath of its god upon you.
Something smites you! The five-headed hydra bites you!
The five-headed hydra closely misses you.
You block the five-headed hydra's attack.
The five-headed hydra bites you!
* * * LOW HITPOINT WARNING * * *
The five-headed hydra barely misses you.
The howler monkey hoots and howls with incredible vigour!
A red film seems to cover your vision as you go berserk!
You feel yourself moving faster!
You feel mighty! The meliai hits you with a +0 war axe!
* * * LOW HITPOINT WARNING * * *
The meliai completely misses you.
The five-headed hydra closely misses you. x2
The five-headed hydra bites you but does no damage.
The five-headed hydra completely misses you.
You block the five-headed hydra's attack.
You block the meliai's attack. The meliai stings you!
* * * LOW HITPOINT WARNING * * *
You claw one of the five-headed hydra's heads off!
The four-headed hydra grows two more!
You claw the six-headed hydra!
The six-headed hydra is moderately wounded.
The meliai hits you with a +0 war axe!
* * * LOW HITPOINT WARNING * * *
The meliai stings you!
* * * LOW HITPOINT WARNING * * *
The six-headed hydra bites you!
You die...

#.............
...###...........
... #.......### ....
#.......#
.....#.......#
.....####....#
.......)#....#
........#....#
...#+##@#....#
#.VDy)....#
#######..u..........
......hH######...###
##......# ...+
$?###...# ...# ##.h#
...# #H.# ..# #...
..


You could see a six-headed hydra, a brown ugly thing, a manticore, a vampire
(invisible), a meliai and a howler monkey.

Vanquished Creatures
  Rupert (D:12)
  Josephine (D:12)
  Erolcha (D:12)
  4 two-headed ogres
  A boulder beetle (D:12)
  The ghost of boombarfnjin2354fg the Destroyer, a journeyman OpCj of Hepliaklqana (D:12)
  Urug (D:12)
  A manticore (D:12)
  2 ugly things (D:12)
  A cyclops (D:12)
  A gargoyle (D:12)
  A kobold demonologist (D:10)
  A troll (D:12)
  A hornet (D:9)
  2 slime creatures (D:12)
  3 shadows
  3 vampires
  A basilisk (D:10)
  18 yaks
  2 wyverns
  Grum (D:8)
  3 steam dragons
  4 wraiths (D:12)
  6 vampire mosquitoes (D:12)
  2 acid dragons
  3 water moccasins
  Duvessa (D:4)
  3 orc warriors
  2 black bears (D:6)
  An ice beast (D:6)
  2 ogres
  2 wolves (D:8)
  A phantom (D:4)
  5 kobold brigands
  6 bullfrogs
  2 scorpions
  7 wights
  Dowan (D:4)
  13 killer bees
  8 howler monkeys
  2 jellies (D:5)
  A centaur zombie (D:10)
  11 orc priests
  4 hounds
  A sleepcap (D:8)
  4 iguanas
  9 orc wizards
  5 gnolls
  10 adders
  2 white imps (D:6)
  2 ufetubi (D:6)
  2 worms (D:2)
  A dart slug (D:3)
  34 orcs
  9 ball pythons
  7 endoplasms
  9 giant cockroaches
  5 goblins
  16 hobgoblins
  11 jackals
  6 quokkas
  10 bats
  7 frilled lizards
  24 kobolds
  11 rats
323 creatures vanquished.

Vanquished Creatures (others)
  3 kobolds (D:9)
3 creatures vanquished.

Grand Total: 326 creatures vanquished

Notes
Turn   | Place    | Note
-------+----------+-------------------------------------------
     0 | D:1      | BinkBink the Troll Berserker began the quest for the Orb.
     0 | D:1      | Reached XP level 1. HP: 22/22 MP: 0/0
    42 | D:1      | Reached XP level 2. HP: 29/29 MP: 1/1
   361 | D:1      | Reached XP level 3. HP: 36/36 MP: 2/2
   444 | D:1      | Reached ** piety under Trog
   929 | D:2      | Reached XP level 4. HP: 45/45 MP: 3/3
  1814 | D:3      | Reached skill level 4 in Unarmed Combat
  1830 | D:3      | Reached *** piety under Trog
  2084 | D:4      | Reached XP level 5. HP: 53/53 MP: 4/4
  2161 | D:4      | Noticed Duvessa
  2162 | D:4      | Noticed Dowan
  2172 | D:4      | Killed Duvessa
  2173 | D:4      | Reached XP level 6. HP: 43/62 MP: 5/5
  2178 | D:4      | Killed Dowan
  2189 | D:4      | Found an ornate altar of the Wu Jian Council.
  2189 | D:4      | Found a white marble altar of Elyvilon.
  2190 | D:4      | Found a hide-covered altar of Uskayaw.
  2203 | D:4      | Reached skill level 5 in Unarmed Combat
  2218 | D:4      | Found a blossoming altar of Fedhas.
  2221 | D:4      | Found a broken altar of Ashenzari.
  2222 | D:4      | Found a glowing golden altar of the Shining One.
  2225 | D:4      | Found a shimmering altar of Xom.
  2227 | D:4      | Found a basalt altar of Yredelemnul.
  2229 | D:4      | Found a shimmering blue altar of Sif Muna.
  2268 | D:4      | Reached XP level 7. HP: 50/71 MP: 6/6
  2425 | D:4      | Found a glowing drain.
  2429 | Sewer    | Entered a sewer
  2627 | Sewer    | Reached **** piety under Trog
  2644 | Sewer    | Reached skill level 1 in Shields
  2936 | D:4      | Found a staircase to the Ecumenical Temple.
  3026 | D:5      | Entered Level 5 of the Dungeon
  3149 | D:5      | Found Suusiojo's Assorted Antiques.
  3170 | D:5      | Bought a scroll labelled MIRHIRGH ZAAGG for 28 gold pieces
  3170 | D:5      | Bought a puce potion for 25 gold pieces
  3170 | D:5      | Bought an ichor-stained robe for 159 gold pieces
  3170 | D:5      | Identified the +1 robe "Luxzuxkimn" {Drain Dex+6} (You
                  | bought it in a shop on level 5 of the Dungeon)
  3170 | D:5      | Bought a dark potion for 25 gold pieces
  3219 | D:5      | Reached skill level 5 in Fighting
  3219 | D:5      | Reached XP level 8. HP: 76/80 MP: 7/7
  3230 | D:5      | Reached skill level 5 in Dodging
  3230 | D:5      | Reached skill level 6 in Unarmed Combat
  3602 | D:6      | Found an ancient bone altar of Kikubaaqudgha.
  4414 | D:7      | Reached skill level 7 in Unarmed Combat
  4414 | D:7      | Reached XP level 9. HP: 71/89 MP: 8/8
  4486 | D:7      | Found Cageur's Assorted Antiques.
  4506 | D:7      | Bought a bronze ring for 135 gold pieces
  4694 | D:7      | Reached ***** piety under Trog
  4868 | D:7      | Found the +7 staff of the Meek {protect, meekguard}
  5339 | D:8      | Noticed Grum
  5356 | D:8      | Killed Grum
  5357 | D:8      | Reached skill level 5 in Shields
  5553 | D:8      | Reached skill level 8 in Unarmed Combat
  5585 | D:8      | Identified the +4 long sword of Unuclais {venom, Fly}
  5725 | D:8      | Found Uma Lecw's Distillery.
  5749 | D:8      | Bought a potion of might for 60 gold pieces
  5749 | D:8      | Bought a potion of curing for 45 gold pieces
  5972 | D:8      | Reached XP level 10. HP: 100/100 MP: 9/9
  6643 | D:9      | Received a gift from Trog
  7116 | D:10     | Entered Level 10 of the Dungeon
  7172 | D:10     | Noticed a sixfirhy
  7183 | D:10     | Reached skill level 9 in Unarmed Combat
  7269 | D:10     | Found a glowing silver altar of Zin.
  7269 | D:10     | Found an opulent altar of Gozag.
  7335 | D:10     | Noticed a two-headed ogre
  7694 | D:10     | Reached XP level 11. HP: 110/111 MP: 10/10
  7723 | D:10     | Found a staircase to the Lair.
  7961 | D:10     | Killed a two-headed ogre
  8258 | D:11     | Noticed a two-headed ogre
  8261 | D:11     | Killed a two-headed ogre
  8535 | D:11     | You fall into a shaft and drop 1 floor!
  8606 | D:12     | Noticed a two-headed ogre
  8615 | D:12     | Killed a two-headed ogre
  8616 | D:12     | Reached skill level 10 in Unarmed Combat
  8727 | D:12     | Found a runed translucent door.
  8733 | D:12     | Noticed boombarfnjin2354fg's ghost (journeyman OpCj)
  8737 | D:12     | Noticed a red ugly thing
  8746 | D:12     | Killed a red ugly thing
  8802 | D:12     | Noticed a cyan ugly thing
  8825 | D:12     | Killed a cyan ugly thing
  8936 | D:12     | Noticed Rupert
  8936 | D:12     | Noticed Urug
  9004 | D:12     | Noticed Erolcha
  9004 | D:12     | Noticed a two-headed ogre
  9019 | D:12     | Killed Erolcha
  9023 | D:12     | Killed a two-headed ogre
  9098 | D:12     | Noticed Josephine
  9107 | D:12     | Killed Josephine
  9296 | D:12     | Reached XP level 12. HP: 123/123 MP: 11/11
  9492 | D:12     | HP: 6/123 [Rupert/+2 great sword of protection (13)]
  9738 | D:12     | Noticed a boulder beetle
  9751 | D:12     | Killed a boulder beetle
  9771 | D:12     | Killed Urug
  9772 | D:12     | Reached skill level 11 in Unarmed Combat
  9784 | D:12     | Killed Rupert
  9808 | D:12     | Killed boombarfnjin2354fg's ghost
 10251 | D:13     | Noticed a five-headed hydra
 10255 | D:13     | Noticed a centaur warrior
 10259 | D:13     | Noticed a fire dragon
 10266 | D:13     | Slain by a six-headed hydra

Illustrated notes

Levels and vault maps discovered:
D:1:      elethiomel_arrival_quiet, layout_basic
D:2:      layout_loops_ring, serial_glass, glass_columns_c, glass_columns_a,
          minmay_strange_pillars, feat_on_display, due_unseen_surprise
D:3:      layout_loops_ring, grunt_decor_cap
D:4:      layout_cave_pools, nicolae_overflow_hallway_of_the_gods,
          minmay_temple_entry_junction,
          mainiacjoe_sewer_entry_somewhere_in_here_1, uniq_duvessa
D:5:      layout_cave_pools, serial_shops, nicolae_shop_just_a_little_nook
D:6:      layout_loops_ring, kiku_gazebo_garden_becter
D:7:      layout_basic, serial_shops, shop, pf_guarded_unrand_meek
D:8:      layout_basic, serial_shops, kennysheep_mini, uniq_grum
D:9:      layout_loops_corners
D:10:     layout_gridville, grunt_temple_overflow_gold_and_silver,
          minmay_lair_entry_grove, serial_undead, serial_undead_a,
          serial_undead_b, serial_undead_b, serial_undead_e
D:11:     layout_roguey, orc_0_dummy
D:12:     layout_roguey, ebering_ghost_reflecting_pool, uniq_josephine,
          uniq_rupert, uniq_urug, uniq_erolcha
D:13:     layout_irregular_city, david_vaults_3, minmay_alternating_orb

Skill      XL: |  1  2  3  4  5  6  7  8  9 10 11 12 |
---------------+-------------------------------------+-----
Fighting       | 3 4 5 6 7 9 |  9.5
Dodging        | 3 4 5 6 7 8 9 |  9.4
Unarmed Combat | 4 5 7 8 9 10 11 | 11.2
Shields        | 1 3 5 6 8 |  8.9

Action                     |  1- 3 |  4- 6 |  7- 9 | 10-12 || total
---------------------------+-------+-------+-------+-------++-------
  Melee: Unarmed           |    78 |   123 |   354 |   474 ||  1029
         Punch             |     3 |     2 |     3 |       ||     8
 Invoke: Berserk           |       |       |       |     7 ||     7
         Trog's Hand       |       |       |       |     3 ||     3
    Use: Scroll            |       |       |     5 |     6 ||    11
         Potion            |       |       |     1 |     4 ||     5
   Stab: Sleeping          |     2 |     2 |     1 |       ||     5
         Distracted        |       |       |     1 |       ||     1
 Armour: Animal skin       |    42 |    65 |    49 |       ||   156
         Robe              |       |       |   130 |   248 ||   378
  Dodge: Dodged            |    30 |    53 |   120 |   252 ||   455
  Block: Kite shield       |       |       |   133 |   249 ||   382

Table legend: (Time is in decaauts)
 A = Elapsed time spent in this place.
 B = Non-inter-level travel time spent in this place.
 C = Inter-level travel time spent in this place.
 D = Time resting spent in this place.
 E = Time spent auto-exploring this place.
 F = Levels seen in this place.
 G = Mean time per level.
                   A        B        C        D        E       F      G
               +--------+--------+--------+--------+--------+-----+--------+
         Total |  10280 |   9979 |    301 |   1270 |   6272 |  14 |  734.3 |
       Dungeon |   9836 |   9535 |    301 |   1270 |   6081 |  13 |  756.6 |
         Sewer |    444 |    444 |      0 |      0 |    191 |   1 |  444.0 |
               +--------+--------+--------+--------+--------+-----+--------+

Top non-repeatable levels by time:
    D:12: 1369 daAuts
    D:10: 1137 daAuts
     D:7: 956 daAuts
     D:9: 942 daAuts
     D:6: 882 daAuts
     D:8: 826 daAuts
     D:2: 760 daAuts
     D:1: 699 daAuts
     D:3: 612 daAuts
     D:4: 491 daAuts
     D:5: 467 daAuts
   Sewer: 444 daAuts
    D:13: 405 daAuts
    D:11: 286 daAuts
